AoeStats
← Jan Itor

Arena

510193805Analyzed
4v4 RM · 1d ago on Sep 29, 2026· 53m 43s· 8 players
Game mode
Random Map
Map size
Large (8 player)
Population
200
Speed
Normal
Resources
Standard
Victory
Conquest
Starting age
Dark Age
Ending age
Imperial Age
RankedLock teamsTeams togetherTeam positionsShared explorationLock speedFull tech treeHidden civsTurbo modeCheats
Victory
Defeat
🇦🇷 Muisca · Argentina
1931
+8
🇫🇷 Byzantines · France
1802
+12
🇫🇷 Saracens · France
1768
+13
🇫🇷 Mapuche · France
1683
+17
🇩🇪 Magyars · Germany
1831
-17
🇨🇿 Portuguese · Czechia
1738
-13
🇨🇳 Slavs · China
1656
-10
🇬🇧 Spanish · United Kingdom
1640
-10
Franczesco
11:18 Feudal Age
12:17 Double-Bit Axe
15:00 Castle Age
12:52 Horse Collar
13:35 Gold Mining
17:55 Bow Saw
20:46 Loom
23:48 Imperial Age
22:54 Wheelbarrow
22:23 Padded Archer Armor
25:32 Chemistry
24:32 Stone Mining
25:50 Leather Archer Armor
34:22 Hand Cart
37:13 Two-Man Saw
36:14 Heavy Plow
36:27 Town Watch
37:27 Coinage
37:44 Siege Engineers
37:45 Fletching
38:07 Masonry
39:57 Bodkin Arrow
40:23 Ballistics
42:02 Guilds
41:43 Elite Organ Gun
42:26 Arquebus
48:20 Caravan
48:43 Devotion
Envetel
10:53 Feudal Age
12:06 Double-Bit Axe
14:27 Castle Age
13:15 Horse Collar
14:35 Light Cavalry
17:01 Wheelbarrow
19:25 Bow Saw
19:46 Sanctity
19:19 Loom
19:21 Town Watch
21:57 Hand Cart
22:11 Heavy Plow
22:59 Bloodlines
23:21 Gold Mining
24:21 Scale Barding Armor
24:27 Atonement
25:20 Forging
25:12 Husbandry
26:46 Chain Barding Armor
27:23 Redemption
29:22 Iron Casting
30:21 Devotion
33:50 Imperial Age
31:57 Caravan
33:04 Fletching
33:14 Padded Archer Armor
33:37 Detinets
34:55 Faith
35:13 Plate Barding Armor
34:55 Block Printing
35:05 Illumination
35:21 Theocracy
35:31 Herbal Medicine
34:57 Hussar
35:08 Pikeman
36:30 Heavy Scorpion
37:55 Siege Engineers
38:11 Ballistics
38:56 Chemistry
38:53 Conscription
39:00 Masonry
39:26 Coinage
41:27 Hoardings
50:03 Banking
willdbeast
11:47 Feudal Age
12:23 Horse Collar
12:30 Double-Bit Axe
15:23 Castle Age
13:56 Gold Mining
16:27 Bow Saw
19:08 Wheelbarrow
20:53 Heavy Plow
23:36 Padded Archer Armor
24:49 Town Watch
24:49 Loom
30:19 Imperial Age
29:13 Stone Mining
29:40 Hand Cart
30:17 Bloodlines
30:26 Leather Archer Armor
30:13 Husbandry
32:10 Chemistry
31:38 Conscription
32:25 Ring Archer Armor
32:42 Elite Conquistador
37:34 Fletching
38:52 Scale Barding Armor
38:57 Forging
38:39 Light Cavalry
40:21 Hoardings
39:57 Masonry
40:08 Ballistics
40:05 Elite Skirmisher
40:43 Bodkin Arrow
43:33 Bracer
45:48 Guilds
45:42 Caravan
46:18 Chain Barding Armor
46:34 Iron Casting
46:05 Hussar
47:32 Supremacy
49:22 Two-Man Saw
48:34 Fortified Wall
53:16 Herbal Medicine
53:23 Pikeman
54:03 Squires
Jan Itor
11:44 Feudal Age
12:21 Horse Collar
12:27 Double-Bit Axe
15:17 Castle Age
16:49 Wheelbarrow
16:43 Bow Saw
17:49 Heavy Plow
22:19 Hand Cart
27:12 Imperial Age
25:02 Fletching
25:04 Loom
25:10 Gold Mining
25:11 Stone Mining
26:11 Ballistics
25:57 Bodkin Arrow
25:50 Town Watch
26:42 Padded Archer Armor
26:45 Husbandry
27:13 Thumb Ring
27:52 Bracer
28:57 Chemistry
28:39 Bloodlines
28:53 Leather Archer Armor
29:19 Parthian Tactics
30:22 Ring Archer Armor
30:17 Masonry
29:58 Heavy Cavalry Archer
31:13 Conscription
31:51 Recurve Bow
32:41 Coinage
32:22 Scale Barding Armor
33:06 Crop Rotation
33:37 Two-Man Saw
34:09 Banking
35:20 Recurve Bow
37:30 Banking
37:44 Hoardings
37:58 Light Cavalry
39:28 Caravan
39:36 Siege Engineers
39:46 Hussar
41:28 Chain Barding Armor
43:10 Plate Barding Armor
AOKI_Gryphon
10:25 Feudal Age
14:25 Castle Age
12:31 Double-Bit Axe
12:27 Horse Collar
15:34 Bow Saw
21:21 Wheelbarrow
22:35 Heavy Plow
23:59 Gold Mining
27:05 Imperial Age
24:20 Loom
25:11 Fletching
26:05 Bodkin Arrow
26:11 Padded Archer Armor
27:03 Ballistics
26:18 Crossbowman
27:03 Thumb Ring
29:28 Chemistry
28:29 Bracer
31:23 Arbalester
33:09 Leather Archer Armor
34:07 Conscription
35:01 Ring Archer Armor
34:17 Elite Skirmisher
35:27 Scale Mail Armor
35:38 Forging
36:23 Forging
36:19 Pikeman
36:59 Squires
36:47 Arson
37:18 Chain Mail Armor
38:28 Capped Ram
39:41 Plate Mail Armor
39:46 Iron Casting
38:39 Halberdier
41:17 Siege Ram
45:53 Caravan
AOKI_Yo
10:16 Feudal Age
14:03 Castle Age
11:54 Horse Collar
12:13 Double-Bit Axe
16:18 Bow Saw
20:54 Gold Mining
22:11 Town Watch
23:33 Wheelbarrow
23:28 Loom
24:24 Fletching
25:14 Hand Cart
26:31 Bodkin Arrow
27:50 Bloodlines
28:10 Padded Archer Armor
28:24 Husbandry
32:05 Imperial Age
30:14 Heavy Plow
30:07 Stone Mining
30:49 Leather Archer Armor
33:14 Gold Shaft Mining
33:23 Ring Archer Armor
32:34 Elite Mameluke
33:45 Conscription
35:36 Chemistry
36:21 Hoardings
38:15 Bracer
40:24 Masonry
41:32 Counterweights
44:09 Ballistics
43:55 Siege Engineers
44:12 Ballistics
47:35 Caravan
50:45 Light Cavalry
51:37 Scale Barding Armor
51:42 Forging
52:47 Chain Barding Armor
52:48 Hussar
Defonceur2Well67
11:02 Feudal Age
12:50 Double-Bit Axe
12:48 Horse Collar
15:18 Castle Age
16:18 Bow Saw
16:10 Heavy Plow
20:18 Wheelbarrow
23:39 Hand Cart
23:10 Town Watch
24:16 Fletching
24:10 Champi Runner
27:59 Imperial Age
25:22 Town Watch
25:23 Loom
25:56 Scale Mail Armor
25:32 Pikeman
26:06 Champi Runner
26:32 Arson
27:25 Bodkin Arrow
28:19 Ballistics
27:57 Elite Skirmisher
28:38 Padded Archer Armor
29:44 Chemistry
29:00 Chain Mail Armor
28:56 Forging
31:01 Leather Archer Armor
32:17 Halberdier
33:40 Elite Bolas Rider
35:11 Halberdier
35:55 Capped Ram
36:42 Champi Warrior
37:53 Plate Mail Armor
37:58 Iron Casting
37:56 Ring Archer Armor
39:24 Plate Mail Armor
39:29 Iron Casting
38:16 Elite Champi Warrior
38:41 Arson
41:38 Conscription
41:29 Malon
42:05 Hoardings
41:43 Masonry
45:51 Blast Furnace
46:27 Onager
46:42 Elite Kona
48:15 Crop Rotation
47:35 Gold Mining
47:36 Stone Mining
48:08 Siege Engineers
52:28 Caravan
Gary_zZ
10:02 Feudal Age
11:09 Double-Bit Axe
13:49 Castle Age
11:38 Horse Collar
14:49 Bow Saw
14:56 Heavy Plow
18:15 Wheelbarrow
20:18 Gold Mining
20:58 Hand Cart
21:46 Gold Mining
22:05 Stone Mining
27:31 Imperial Age
24:52 Loom
25:43 Gold Shaft Mining
25:50 Stone Shaft Mining
25:44 Sanctity
25:35 Fervor
26:03 Redemption
26:00 Scale Mail Armor
26:11 Forging
26:38 Forging
26:21 Treadmill Crane
27:01 Chain Mail Armor
27:52 Devotion
28:38 Conscription
28:35 Block Printing
28:46 Illumination
28:22 Atonement
29:54 Plate Mail Armor
29:52 Squires
32:28 Iron Casting
33:17 Fletching
33:27 Padded Archer Armor
33:48 Ballistics
34:58 Chemistry
34:11 Atonement
34:48 Theocracy
35:12 Bodkin Arrow
36:14 Masonry
36:19 Bracer
36:40 Leather Archer Armor
36:32 Thumb Ring
36:34 Herbalism
36:41 Huaracas
38:05 Coinage
38:13 Town Watch
38:39 Capped Ram
39:51 Siege Engineers
39:33 Champi Runner
41:25 Murder Holes
42:40 Champi Warrior
43:45 Elite Champi Warrior
Connection lost

Rejoining the realm…

Still unreachable

The connection could not be restored.

Session expired

The server has moved on; the page needs a fresh start.